 Dungeon Crawl Stone Soup version 0.31-a0-233-g139696dc86 (webtiles) character file.

Game seed: 17081045242545151266

356655 qw the Crack Shot (level 22, -48/156 HPs)
             Began as a Gargoyle Hexslinger on July 9, 2023.
             Was an Elder of Okawaru.
             Killed from afar by a living spell (64 damage)
             ... with a crystal spear
             ... summoned by a walking crystal tome
             ... on level 3 of the Depths.
             The game lasted 00:19:05 (35844 turns).

qw the Crack Shot (Gargoyle Hexslinger)            Turns: 35844, Time: 00:19:06

Health: -48/156    AC: 28    Str: 14    XL:     22   Next: 34%
Magic:  29/29      EV: 57    Int: 15    God:    Okawaru [****..]
Gold:   6541       SH:  0    Dex: 46    Spells: 22/23 levels left

rFire   + . .        F - +27 heavy crossbow "Sniper" {heavy, Acc+∞ SInv}
rCold   + . .        (shield currently unavailable)
rNeg    + + .        s - +0 robe "Boxacsuf" {*Corrode rC++ Dex+5}
rPois   inf          q - +0 helmet "Netwaoz" {rPois rC- rN+ Dex+7}
rElec   +            o - scarf {rC+ rF+}
rCorr   +            p - +2 pair of gloves {Dex+3}
SInv    +            x - +2 pair of boots {rampage}
Will    ++...        f - amulet of faith
Stlth   +++++        m - ring of the Insatiable Knives {rElec rC- Will+ rCorr Dex+5}
HPRegen 0.46/turn    d - ring "Doczeit" {Fly rCorr Dex+6}
MPRegen 0.21/turn

%: corrode self (3%), rampage, faith
@: heroic, flying
A: sickness immunity, AC +16, big wings, negative energy resistance 1,
electricity resistance, torment resistance 1, petrification resistance
}: 2/15 runes: barnacled, gossamer
a: Renounce Religion, Heroism, Finesse


You were on level 3 of the Depths.
You worshipped Okawaru.
Okawaru was greatly pleased with you.
You visited 7 branches of the dungeon, and saw 37 of its levels.
You visited 1 bazaar.
You also visited: Sewer and Gauntlet.

You collected 7354 gold pieces.
You spent 813 gold pieces at shops.


Innate Abilities, Weirdness & Mutations

You are immune to sickness and miasma.
Your stone body is resilient. (AC +16)
You are immune to poison.
Your large and strong wings let you fly.
You resist negative energy. (rN+)
You are resistant to electric shocks. (rElec)
You are resistant to unholy torment.
You are immune to petrification.


   Skills:
 - Level 22.0(27) Fighting
 - Level 22.0(27) Ranged Weapons
 - Level 9.0(14.0) Armour
 + Level 20.0(25.0) Dodging
 - Level 1.0 Spellcasting
 - Level 2.6 Hexes
 - Level 10.0 Invocations


You had 22 spell levels left.
You knew the following spells:

 Your Spells              Type           Power      Damage    Failure   Level
a - Slow                  Hex            32%        N/A       9%          1

Your spell library contained the following spells:

 Spells                   Type           Power      Damage    Failure   Level
 Inner Flame              Hex/Fire       4%         N/A       38%         3
 Portal Projectile        Hex/Tloc       8%         N/A       38%         3
 Cause Fear               Hex            4%         N/A       63%         4

Inventory:

Hand Weapons
 F - the +27 heavy crossbow "Sniper" (weapon) {heavy, Acc+∞ SInv}
   (Okawaru gifted it to you on level 3 of the Vaults)

   Acc+∞: It never misses its target.
   SInv:      It lets you see invisible.
Armour
 i - the scarf of Valiance {+Inv, Regen+}
   (Okawaru gifted it to you on level 3 of the Lair of Beasts)

   Regen:     It increases your rate of health regeneration.
 o - a scarf of resistance (worn)
 p - a +2 pair of gloves of dexterity (worn)
 q - the +0 helmet "Netwaoz" (worn) {rPois rC- rN+ Dex+7}
   (You acquired it on level 9 of the Dungeon)

   Dex:       It affects your dexterity (+7).
   rC:        It makes you vulnerable to cold.
   rPois:     It protects you from poison.
   rN:        It protects you from negative energy.
 r - a +3 ring mail of cold resistance
 s - the +0 robe "Boxacsuf" (worn) {*Corrode rC++ Dex+5}
   (You found it on level 2 of the Lair of Beasts)

   Dex:       It affects your dexterity (+5).
   rC:        It greatly protects you from cold.
   *Corrode:  It may corrode you when you take damage.
 w - a +1 leather armour of fire resistance
 x - a +2 pair of boots of rampaging (worn)
 B - a +0 troll leather armour
Jewellery
 d - the ring "Doczeit" (right hand) {Fly rCorr Dex+6}
   (You found it on level 3 of the Vaults)

   [ring of dexterity]

   Dex:       It affects your dexterity (+6).
   Fly:       It grants you flight.
   rCorr:     It protects you from acid and corrosion.
 f - an amulet of faith (around neck)
 m - the ring of the Insatiable Knives (left hand) {rElec rC- Will+ rCorr Dex+5}
   (You acquired it on level 15 of the Dungeon)

   [ring of willpower]

   Dex:       It affects your dexterity (+5).
   rC:        It makes you vulnerable to cold.
   rElec:     It insulates you from electricity.
   rCorr:     It protects you from acid and corrosion.
   Will:      It increases your willpower.
 z - a ring of see invisible
 A - the amulet of the Salmon {Reflect rPois rF+ Str+6 SH+5}
   (You acquired it on level 13 of the Dungeon)

   [amulet of reflection]

   It reflects blocked missile attacks.
   Str:       It affects your strength (+6).
   rF:        It protects you from fire.
   rPois:     It protects you from poison.
   SH:        It affects your SH (+5).
 E - a ring of fire
Wands
 u - a wand of digging (12)
Scrolls
 a - 10 scrolls of teleportation
 e - 2 scrolls of enchant weapon
 k - 20 scrolls of identify
 G - a scroll of brand weapon
Potions
 b - 3 potions of haste
 c - 2 potions of cancellation
 g - 15 potions of curing
 h - 6 potions of might
 l - 5 potions of mutation
 n - 6 potions of magic
 t - 5 potions of enlightenment
 v - a potion of resistance
 D - 3 potions of heal wounds

Dungeon Overview and Level Annotations

Branches:
Dungeon (15/15)            Temple (0/1) D:4            Lair (5/5) D:9
 Shoals (4/4) Lair:2       Spider (4/4) Lair:2        Slime (0/5) Lair:4
    Orc (2/2) D:12            Elf (0/3) Orc:2        Vaults (4/5) D:14
  Crypt (0/3) Vaults:3     Depths (3/4) D:15          Sewer (visited)
Gauntlet (visited)

Altars:
Dithmenos
Fedhas
Gozag
Hepliaklqana
Kikubaaqudgha
Makhleb
Okawaru
Sif Muna
Uskayaw
Vehumet
Wu Jian
Xom
Yredelemnul
Zin
The Shining One

Shops:
D:7 (   D:12 (   Orc:2 [:([   Shoals:1 (   Shoals:2 *

Portals:
Hell: Depths:1 Depths:2 Depths:3
Pandemonium: Depths:2
Ziggurat: Depths:2
Trove: D:13 (give +5 ice dragon scales)

Annotations:
D:4 1 runed translucent door, 2 transporters, Crazy Yiuf
D:7 2 transporters, qw's ghost, novice MiHs
Depths:2 3 runed translucent doors, Amikeex's ghost, adept TrMo


Message History

The stone giant closely misses you. The frost giant completely misses you.
The red very ugly thing barely misses you.
The stone giant completely misses you. The frost giant completely misses you.
The red very ugly thing closely misses you.
The iron dragon breathes metal splinters at you.
The spray of metal splinters misses you.
You shoot a bolt. The bolt hits the frost giant!!!!!
You kill the frost giant!
Okawaru accepts your kill. The stone giant completely misses you.
The red very ugly thing completely misses you.
The iron dragon completely misses you. x2; The iron dragon misses you.
The stone giant completely misses you.
The red very ugly thing completely misses you.
You shoot a bolt. The bolt hits the tengu warrior!!!!!
You kill the tengu warrior!
Okawaru accepts your kill. The stone giant barely misses you.
The iron dragon breathes metal splinters at you.
The spray of metal splinters misses you.
The red very ugly thing gores you but does no damage.
You shoot a bolt. The bolt hits the red very ugly thing!!
The red very ugly thing is moderately wounded.
The walking crystal tome erupts in a flurry of living spells!
The stone giant closely misses you. The red very ugly thing misses you.
The iron dragon completely misses you. x3
The stone giant completely misses you.
The red very ugly thing gores you but does no damage.
The iron dragon breathes metal splinters at you.
The spray of metal splinters misses you.
You shoot a bolt.
The bolt hits the red very ugly thing!!!!!
You kill the red very ugly thing!
Okawaru accepts your kill. The stone giant completely misses you.
The living spell casts itself at you. The crystal spear hits you!!!
The living spell casts itself at you. The crystal spear hits you!!!
You die...

##.....## #.......#
#......*+ #......( ###
#..**.### ##..
###...##.## ##...
#.##)##...## ##...#
#...;C@....#######...##
#..*.D)).............#.
#.....*.......######.#.
#....##'##...##....###.
#...## ..##.##......#.#
#...# ...#%#........##
#...# ...#.#........#.
#...# ...#.#........#.
#...# #.#........#.


You could see an iron dragon (catching breath), a walking crystal tome, a stone
giant and 2 living crystal spells.

Vanquished Creatures
  Mennas (Vaults:4)
  A juggernaut (Depths:2)
  Xtahua (Vaults:4)
  Arachne (Spider:4)
  Jory (Vaults:4)
  Rupert (Orc:2)
  Mlioglotl (Spider:4)
  2 liches (Depths:1)
  A tentacled monstrosity (Depths:2)
  A walking earthen tome (Depths:3)
  3 titans
  2 sphinxes
  A kraken (Shoals:3)
  Kirke (Spider:4)
  A storm dragon (Depths:3)
  2 tengu reavers (Depths:2)
  Donald (Orc:2)
  Ilsuiw (Shoals:4)
  7 fire giants
  5 frost giants
  4 emperor scorpions
  3 ghost moths
  10 vault wardens
  Louise (D:14)
  4 very ugly things
  3 broodmothers
  13 ironbound preservers
  A spriggan defender (Depths:2)
  4 orc warlords
  6 ironbound thunderhulks
  A vampire knight (Depths:3)
  3 formless jellyfish
  11 stone giants
  Nessos (D:14)
  A minotaur (Gauntlet)
  A lorocyproca (Depths:2)
  14 dire elephants
  5 spark wasps
  A crystal guardian (Vaults:4)
  8 merfolk javelineers
  2 eidola (Vaults:3)
  6 ettins
  4 fire dragons
  10 entropy weavers
  10 merfolk impalers
  7 great orbs of eyes
  9 yaktaur captains
  3 rakshasas
  A hell beast (Gauntlet)
  3 spriggan air magi
  11 vault guards
  3 catoblepae (Lair:5)
  A peacekeeper (Vaults:4)
  2 hydras
  4 ice dragons
  11 boulder beetles
  An ogre mage (D:15)
  5 centaur warriors
  Erica (D:10)
  2 jorogumos (Spider:4)
  6 merfolk aquamancers
  2 alligator snapping turtles
  A two-headed ogre (shapeshifter) (Depths:3)
  4 satyrs
  8 ironbound frosthearts
  4 merfolk avatars
  2 radroaches
  3 tengu warriors
  6 two-headed ogres
  12 death yaks
  4 deep troll earth magi
  Urug (Orc:2)
  5 deep troll shamans
  8 demonic crawlers
  A vampire mage (Depths:2)
  8 death scarabs (Spider:4)
  A deep elf knight (Spider:1)
  A shock serpent (shapeshifter) (Depths:2)
  Sonja (Lair:3)
  6 spriggan berserkers
  4 spriggans (Depths:1)
  3 skysharks
  Amaemon (Lair:3)
  A salamander mystic (Depths:1)
  10 pharaoh ants
  An iron troll (Depths:3)
  41 deep trolls
  17 sea snakes
  3 orb spiders (Spider:4)
  A glowing orange brain (Depths:1)
  5 wizards
  3 lindwurms (Vaults:2)
  A spectral jorogumo (Spider:4)
  11 harpies
  A wolf spider zombie (Spider:4)
  A broodmother zombie (Spider:4)
  2 deep elf pyromancers
  19 ironbound convokers
  3 phantasmal warriors
  A spectral wolf spider (Spider:4)
  6 steelbarb worms
  3 necromancers
  A deep elf archer (Spider:1)
  11 orc knights
  22 wolf spiders
  25 ugly things
  An orc sorcerer (D:15)
  5 oklob plants
  7 cyclopes
  19 manticores
  8 fauns
  5 salamanders (Depths:1)
  12 elephants
  3 black mambas (Lair:5)
  7 moths of wrath
  11 water nymphs
  Maurice (Orc:1)
  A rust devil (D:10)
  8 merfolk sirens
  14 vault sentinels
  2 centaur zombies (D:15)
  3 smoke demons
  2 centaur skeletons (D:15)
  A gargoyle (D:11)
  2 naga magi (D:15)
  3 torpor snails
  13 cane toads
  2 rime drakes
  4 komodo dragons
  6 kobold demonologists
  2 orange demons
  An unseen horror (shapeshifter) (D:13)
  A spectral redback (Spider:4)
  2 tengu conjurers
  An efreet (D:13)
  2 redback zombies (Spider:4)
  2 ice devils (Depths:2)
  23 yaktaurs
  3 trolls
  30 merfolk
  3 meliai (D:15)
  A red devil (Depths:2)
  3 spectral tarantellas (Spider:4)
  Grinder (D:5)
  7 wind drakes
  4 hornets (Depths:1)
  3 polar bears
  A raiju (Spider:1)
  24 tarantellas
  2 spectral jumping spiders (Spider:4)
  2 spectral culicivoras (Spider:4)
  26 blink frogs
  A tarantella zombie (Spider:4)
  9 snapping turtles
  4 dream sheep (Shoals:3)
  42 jumping spiders
  Sigmund (D:4)
  34 slime creatures
  3 culicivora zombies (Spider:4)
  4 shadows
  29 culicivoras
  8 wyverns
  23 water elementals
  Eustachio (D:5)
  A hog (Spider:4)
  4 wraiths
  A vampire (D:10)
  A ynoxinul (Depths:2)
  16 humans
  2 vampire mosquitoes (D:13)
  6 basilisks
  42 yaks
  78 redbacks
  A chaos spawn (Depths:2)
  4 acid dragons
  A hell hound (Gauntlet)
  3 wargs
  6 water moccasins
  3 floating eyes
  2 ice beasts
  33 orc warriors
  3 black bears
  10 wolves
  18 centaurs
  7 ogres
  A phantom (D:6)
  8 kobold brigands
  8 bullfrogs
  2 scorpions (D:5)
  5 killer bees (D:11)
  2 electric eels
  A lava snake (D:12)
  4 crimson imps (Gauntlet)
  A jelly (D:7)
  6 iguanas
  16 orc priests
  2 hounds
  Ijyb (D:4)
  3 sleepcaps (D:6)
  21 orc wizards
  5 hell rats (Lair:1)
  A statue (D:4)
  10 gnolls
  10 adders
  5 river rats (Sewer)
  2 shadow imps
  7 white imps
  An ufetubus (D:13)
  2 worms
  3 dart slugs
  75 orcs
  11 ball pythons
  5 bats
  12 endoplasms
  7 giant cockroaches
  11 goblins
  4 hobgoblins
  19 kobolds
  5 quokkas
  4 frilled lizards
  12 rats
  3 tentacles (Shoals:3)
1487 creatures vanquished.

Vanquished Creatures (others)
  A spark wasp (Spider:4)
  A kobold (D:13)
  3 tentacles (Shoals:3)
5 creatures vanquished.

Grand Total: 1492 creatures vanquished

Notes
Turn   | Place    | Note
-------+----------+-------------------------------------------
     0 | D:1      | qw the Gargoyle Hexslinger began the quest for the Orb.
     0 | D:1      | Reached XP level 1. HP: 12/12 MP: 2/2
     0 | D:1      | 0 ||| qw: Version: 0.3-a-51-g015441d
     0 | D:1      | 0 ||| qw: Game counter: 3882
     0 | D:1      | 0 ||| qw: Melee chars always use a shield: true
     0 | D:1      | 0 ||| qw: God list: Okawaru
     0 | D:1      | 0 ||| qw: Allow faded altars: false
     0 | D:1      | 0 ||| qw: Do Orc after clearing Dungeon:15 true
     0 | D:1      | 0 ||| qw: Do second Lair branch before Depths: true
     0 | D:1      | 0 ||| qw: Lair rune preference: random
     0 | D:1      | 0 ||| qw: Goals: Normal
     0 | D:1      | 0 ||| PLANNING D:1-11
   120 | D:1      | Reached XP level 2. HP: 16/16 MP: 3/3
   333 | D:1      | Reached skill level 3 in Ranged Weapons
   597 | D:1      | Reached XP level 3. HP: 21/21 MP: 4/4
   811 | D:1      | 811 ||| UPGRADING to +0 ring mail.
   821 | D:1      | 821 ||| DROPPING +0 robe.
   822 | D:1      | 822 ||| UPGRADING to +1 helmet.
   827 | D:1      | 827 ||| DROPPING ring of magical power.
   828 | D:1      | 828 ||| DROPPING scroll of poison.
   878 | D:2      | Found an iron altar of Okawaru.
   879 | D:2      | 879 ||| PLANNING OKAWARU WORSHIP
   884 | D:2      | Became a worshipper of Warmaster Okawaru
   885 | D:2      | 885 ||| PLANNING D:1-11
   905 | D:2      | Reached skill level 1 in Armour
  1118 | D:2      | 1118 ||| SWAPPING to +1 sling of draining.
  1119 | D:2      | 1119 ||| DROPPING +1 sling.
  1465 | D:2      | 1465 ||| UPGRADING to amulet of the acrobat.
  1470 | D:2      | 1470 ||| UPGRADING to ring of see invisible.
  1471 | D:2      | 1471 ||| READING scroll labelled JILYEWE NEIGI.
  1476 | D:2      | 1476 ||| READING scroll labelled XEQUUCEGUG.
  1477 | D:2      | 1477 ||| READING scroll labelled LAETEBRAPP.
  1478 | D:2      | 1478 ||| READING 2 scrolls labelled XOXTED QUDE.
  1479 | D:2      | 1479 ||| READING 3 scrolls labelled TANLUI LEORR.
  1480 | D:2      | 1480 ||| READING scroll labelled RIFURY UTI OXT.
  1481 | D:2      | 1481 ||| DROPPING 2 scrolls of amnesia.
  1529 | D:3      | Reached XP level 4. HP: 26/26 MP: 5/5
  1721 | D:3      | 1721 ||| SWAPPING to +0 arbalest.
  1728 | D:3      | 1728 ||| DROPPING +2 sling of draining.
  2068 | D:3      | 2068 ||| READING scroll labelled QOUNTUMEGERCH.
  2069 | D:3      | 2069 ||| READING 2 scrolls of identify.
  2069 | D:3      | 2069 ||| IDENTIFYING purple potion
  2070 | D:3      | 2070 ||| DROPPING potion of brilliance.
  2096 | D:4      | 2096 ||| PLANNING SEWER
  2098 | D:4      | 2098 ||| STAIRDANCE
  2156 | D:4      | Reached XP level 5. HP: 30/30 MP: 6/6
  2164 | D:4      | Found a glowing drain.
  2198 | Sewer    | Entered a sewer
  2218 | Sewer    | Noticed a kobold brigand
  2226 | Sewer    | Killed a kobold brigand
  2288 | Sewer    | Reached XP level 6. HP: 33/35 MP: 7/7
  2325 | Sewer    | 2325 ||| Stepping ~*~*~tactically~*~*~ (water).
  2328 | Sewer    | 2328 ||| Stepping ~*~*~tactically~*~*~ (water).
  2330 | Sewer    | 2330 ||| Stepping ~*~*~tactically~*~*~ (water).
  2332 | Sewer    | 2332 ||| Stepping ~*~*~tactically~*~*~ (water).
  2366 | Sewer    | Reached skill level 3 in Fighting
  2463 | Sewer    | 2463 ||| Stepping ~*~*~tactically~*~*~ (water).
  2479 | Sewer    | Reached * piety under Okawaru
  2594 | Sewer    | 2594 ||| Stepping ~*~*~tactically~*~*~ (water).
  2678 | Sewer    | Reached skill level 1 in Invocations
  2836 | Sewer    | 2836 ||| Stepping ~*~*~tactically~*~*~ (water).
  2882 | Sewer    | Reached skill level 6 in Ranged Weapons
  2882 | Sewer    | Reached XP level 7. HP: 41/41 MP: 8/8
  2979 | Sewer    | 2979 ||| DRINKING 3 blue potions.
  3005 | D:4      | 3005 ||| PLANNING D:1-11
  3117 | D:4      | Reached skill level 3 in Invocations
  3189 | D:4      | Found a radiant altar of Vehumet.
  3190 | D:4      | 3190 ||| INVOKING Heroism.
  3277 | D:4      | 3277 ||| INVOKING Heroism.
  3347 | D:4      | Noticed Ijyb
  3348 | D:4      | 3348 ||| INVOKING Heroism.
  3351 | D:4      | Killed Ijyb
  3365 | D:4      | Found a runed translucent door.
  3368 | D:4      | Identified the +5 hammer of Xojayth {heavy, Int+5 Stlth+}
  3390 | D:4      | Found a staircase to the Ecumenical Temple.
  3422 | D:4      | Found a basalt altar of Yredelemnul.
  3426 | D:4      | Found a transporter.
  3438 | D:4      | Found a transporter.
  3440 | D:4      | Noticed Sigmund
  3441 | D:4      | 3441 ||| READING scroll labelled IHEISI XAIRULI.
  3442 | D:4      | 3442 ||| READING 2 scrolls of identify.
  3442 | D:4      | 3442 ||| IDENTIFYING metallic golden potion
  3445 | D:4      | 3445 ||| INVOKING Heroism.
  3449 | D:4      | Killed Sigmund
  3488 | D:4      | Reached XP level 8. HP: 48/48 MP: 10/10
  3667 | D:4      | Noticed Crazy Yiuf
  3704 | D:4      | 3704 ||| READING 2 scrolls of identify.
  3704 | D:4      | 3704 ||| IDENTIFYING fuming puce potion
  3725 | D:5      | Entered Level 5 of the Dungeon
  3733 | D:5      | Noticed Grinder
  3734 | D:5      | 3734 ||| INVOKING Heroism.
  3744 | D:5      | Killed Grinder
  3747 | D:5      | 3747 ||| FLEEEEING.
  3751 | D:5      | 3751 ||| STAIRDANCE
  3849 | D:5      | 3849 ||| Stepping ~*~*~tactically~*~*~ (outnumbered).
  3850 | D:5      | 3850 ||| INVOKING Heroism.
  3909 | D:5      | Found an iron altar of Okawaru.
  3955 | D:5      | 3955 ||| INVOKING Heroism.
  4023 | D:5      | Noticed Eustachio
  4025 | D:5      | 4025 ||| INVOKING Heroism.
  4044 | D:5      | HP: 12/49 [river rat[Eustachio] (6)]
  4045 | D:5      | 4045 ||| READING 2 scrolls of teleportation.
  4203 | D:5      | Killed Eustachio
  4230 | D:5      | Found a blossoming altar of Fedhas.
  4270 | D:5      | Found a shadowy altar of Dithmenos.
  4481 | D:5      | Found a hazy altar of Hepliaklqana.
  4763 | D:5      | 4763 ||| UPGRADING to +0 pair of boots.
  4768 | D:5      | 4768 ||| READING scroll labelled UHILANUIWE.
  4869 | D:5      | 4869 ||| READING scroll labelled QUOWKO YXTEOHU.
  4870 | D:5      | 4870 ||| READING scroll labelled CICSEEX NOMOPN.
  4871 | D:5      | 4871 ||| READING 2 scrolls of identify.
  4871 | D:5      | 4871 ||| IDENTIFYING bubbling dark potion
  4872 | D:5      | 4872 ||| DROPPING potion of degeneration.
  4939 | D:6      | 4939 ||| INVOKING Heroism.
  4941 | D:6      | Reached skill level 9 in Ranged Weapons
  5063 | D:6      | 5063 ||| INVOKING Heroism.
  5073 | D:6      | Reached XP level 9. HP: 42/54 MP: 10/12
  5115 | D:6      | Identified the +1 ring mail of Ignis's Whim {rC+ Stlth+}
  5135 | D:6      | 5135 ||| INVOKING Heroism.
  5170 | D:6      | 5170 ||| FLEEEEING.
  5173 | D:6      | 5173 ||| STAIRDANCE
  5253 | D:5      | 5253 ||| UPGRADING to +1 ring mail of Ignis's Whim {rC+
                  | Stlth+}.
  5263 | D:5      | 5263 ||| DROPPING +0 ring mail.
  5264 | D:5      | 5264 ||| UPGRADING to amulet of faith.
  5317 | D:6      | Reached skill level 6 in Fighting
  5727 | D:6      | Found a shimmering blue altar of Sif Muna.
  5761 | D:6      | Found an ornate altar of the Wu Jian Council.
  5796 | D:6      | Found an opulent altar of Gozag.
  5879 | D:6      | 5879 ||| UPGRADING to +0 pair of gloves.
  5884 | D:6      | 5884 ||| UPGRADING to +0 cloak.
  5889 | D:6      | 5889 ||| READING 2 scrolls of identify.
  5889 | D:6      | 5889 ||| IDENTIFYING grey potion
  5940 | D:7      | 5940 ||| INVOKING Heroism.
  5944 | D:7      | Reached skill level 3 in Armour
  6121 | D:7      | Found Wenlit's Weapon Shop.
  6125 | D:7      | 6125 ||| READING 3 scrolls of identify.
  6125 | D:7      | 6125 ||| IDENTIFYING dark potion
  6131 | D:7      | 6131 ||| INVOKING Heroism.
  6179 | D:7      | Found a transporter.
  6192 | D:7      | Noticed qw's ghost (novice MiHs)
  6206 | D:7      | Found a transporter.
  6344 | D:7      | Found an ancient bone altar of Kikubaaqudgha.
  6541 | D:7      | 6541 ||| READING 3 scrolls of identify.
  6541 | D:7      | 6541 ||| IDENTIFYING viscous purple potion
  6542 | D:7      | 6542 ||| DROPPING potion of lignification.
  6564 | D:8      | Reached ** piety under Okawaru
  6599 | D:8      | 6599 ||| INVOKING Heroism.
  6694 | D:8      | Found a shimmering altar of Xom.
  6745 | D:8      | 6745 ||| FLEEEEING.
  6749 | D:8      | 6749 ||| STAIRDANCE
  6770 | D:7      | 6770 ||| READING scroll labelled FINAUSUETHA.
  6770 | D:7      | Identified a scroll of acquirement
  6770 | D:7      | 6770 ||| ACQUIRING +4 longbow of Vuarep {heavy, Fly rN+
                  | Int+3 Stlth-}
  6770 | D:7      | Acquired the +4 longbow of Vuarep {heavy, Fly rN+ Int+3
                  | Stlth-}
  6772 | D:7      | 6772 ||| SWAPPING to +4 longbow of Vuarep {heavy, Fly rN+
                  | Int+3 Stlth-}.
  6773 | D:7      | 6773 ||| DROPPING +0 arbalest of flaming.
  6774 | D:7      | 6774 ||| READING scroll labelled RAJANEE QOZUGAISK.
  6775 | D:7      | 6775 ||| READING scroll labelled JORHUMNIROE.
  6813 | D:8      | 6813 ||| INVOKING Heroism.
  6852 | D:8      | 6852 ||| DRINKING 6 potions of curing.
  6852 | D:8      | 6852 ||| (to cure confusion)
  6866 | D:8      | Identified the +8 falchion "Sidiemim" {flame, Will+ Int+2
                  | Dex+3}
  7061 | D:8      | Found a glowing golden altar of the Shining One.
  7110 | D:9      | 7110 ||| INVOKING Heroism.
  7113 | D:9      | Reached XP level 10. HP: 63/63 MP: 10/13
  7151 | D:9      | Noticed an elephant
  7161 | D:9      | 7161 ||| INVOKING Heroism.
  7163 | D:9      | HP: 13/63 [elephant (8)]
  7164 | D:9      | 7164 ||| READING 2 scrolls of teleportation.
  7166 | D:9      | HP: 5/63 [elephant (10)]
  7367 | D:9      | Found a staircase to the Lair.
  7377 | D:9      | Killed an elephant
  7378 | D:9      | Reached skill level 3 in Dodging
  7483 | D:9      | 7483 ||| READING scroll of acquirement.
  7483 | D:9      | 7483 ||| ACQUIRING +0 helmet "Netwaoz" {rPois rC- rN+
                  | Dex+7}
  7483 | D:9      | Acquired the +0 helmet "Netwaoz" {rPois rC- rN+ Dex+7}
  7485 | D:9      | 7485 ||| UPGRADING to +0 helmet "Netwaoz" {rPois rC- rN+
                  | Dex+7}.
  7495 | D:9      | 7495 ||| DROPPING +1 helmet.
  7500 | D:9      | 7500 ||| Stepping ~*~*~tactically~*~*~ (outnumbered).
  7599 | D:9      | 7599 ||| INVOKING Heroism.
  7602 | D:9      | Reached *** piety under Okawaru
  7931 | D:9      | Noticed a kobold demonologist
  7931 | D:9      | Noticed a kobold demonologist
  7933 | D:9      | Noticed a soul eater
  7937 | D:9      | Noticed a soul eater
  7937 | D:9      | Killed a kobold demonologist
  7938 | D:9      | Reached skill level 12 in Ranged Weapons
  7941 | D:9      | 7941 ||| INVOKING Heroism.
  7946 | D:9      | Killed a kobold demonologist
  7949 | D:9      | 7949 ||| INVOKING Heroism.
  8224 | D:9      | 8224 ||| PLANNING LAIR
  8277 | Lair:1   | Entered Level 1 of the Lair of Beasts
  8281 | Lair:1   | 8281 ||| INVOKING Heroism.
  8296 | Lair:1   | Reached **** piety under Okawaru
  8299 | Lair:1   | Reached XP level 11. HP: 65/68 MP: 14/14
  8355 | Lair:1   | 8355 ||| INVOKING Heroism.
  8463 | Lair:1   | Reached ***** piety under Okawaru
  8471 | Lair:1   | Identified the +8 dagger of Egomania {freeze, Str+2}
  8526 | Lair:1   | 8526 ||| INVOKING Heroism.
  8543 | Lair:1   | 8543 ||| INVOKING Heroism.
  8546 | Lair:1   | Reached skill level 6 in Invocations
  8832 | Lair:1   | Noticed a death yak
  8833 | Lair:1   | 8833 ||| INVOKING Heroism.
  8833 | Lair:1   | Noticed a death yak
  8833 | Lair:1   | Noticed a death yak
  8834 | Lair:1   | 8834 ||| INVOKING Finesse.
  8835 | Lair:1   | Noticed a death yak
  8837 | Lair:1   | Killed a death yak
  8840 | Lair:1   | Killed a death yak
  8841 | Lair:1   | Reached skill level 9 in Fighting
  8848 | Lair:1   | Killed a death yak
  8853 | Lair:1   | Killed a death yak
  8853 | Lair:1   | Received a gift from Okawaru
  9183 | Lair:1   | 9183 ||| UPGRADING to ring of resist corrosion.
  9198 | Lair:2   | 9198 ||| INVOKING Heroism.
  9234 | Lair:2   | Found a hole to the Spider Nest.
  9238 | Lair:2   | 9238 ||| INVOKING Heroism.
  9243 | Lair:2   | HP: 17/71 [redback (3)]
  9244 | Lair:2   | 9244 ||| READING 4 scrolls of teleportation.
  9288 | Lair:2   | 9288 ||| INVOKING Heroism.
  9294 | Lair:2   | Reached XP level 12. HP: 30/76 MP: 16/18
  9457 | Lair:2   | Found a staircase to the Shoals.
  9475 | Lair:2   | Reached skill level 9 in Invocations
  9547 | Lair:2   | 9547 ||| INVOKING Heroism.
  9548 | Lair:2   | 9548 ||| INVOKING Finesse.
  9603 | Lair:2   | Identified the +0 robe "Boxacsuf" {*Corrode rC++ Dex+5}
  9659 | Lair:2   | 9659 ||| INVOKING Heroism.
  9748 | Lair:2   | 9748 ||| INVOKING Heroism.
  9939 | Lair:2   | Reached skill level 6 in Armour
 10381 | Lair:2   | 10381 ||| UPGRADING to +0 robe "Boxacsuf" {*Corrode rC++
                  | Dex+5}.
 10391 | Lair:2   | 10391 ||| DROPPING +1 ring mail of Ignis's Whim {rC+
                  | Stlth+}.
 10437 | Lair:3   | Noticed a seven-headed hydra
 10438 | Lair:3   | 10438 ||| INVOKING Heroism.
 10441 | Lair:3   | Killed a seven-headed hydra
 10441 | Lair:3   | Identified the scarf of Valiance {+Inv, Regen+} (Okawaru
                  | gifted it to you on level 3 of the Lair of Beasts)
 10441 | Lair:3   | Received a gift from Okawaru
 10505 | Lair:3   | 10505 ||| INVOKING Heroism.
 10510 | Lair:3   | Reached skill level 6 in Dodging
 10559 | Lair:3   | 10559 ||| INVOKING Heroism.
 10565 | Lair:3   | Noticed Amaemon
 10566 | Lair:3   | 10566 ||| Stepping ~*~*~tactically~*~*~ (outnumbered).
 10571 | Lair:3   | Killed Amaemon
 10651 | Lair:3   | 10651 ||| INVOKING Heroism.
 10683 | Lair:3   | 10683 ||| INVOKING Heroism.
 10724 | Lair:3   | 10724 ||| READING scroll of enchant armour.
 10724 | Lair:3   | 10724 ||| ENCHANTING +0 pair of gloves.
 10741 | Lair:3   | Noticed Sonja
 10742 | Lair:3   | 10742 ||| INVOKING Finesse.
 10746 | Lair:3   | Killed Sonja
 10812 | Lair:3   | Reached XP level 13. HP: 72/82 MP: 20/20
 10823 | Lair:3   | 10823 ||| INVOKING Heroism.
 11389 | Lair:3   | 11389 ||| UPGRADING to scarf of Valiance {+Inv, Regen+}.
 11399 | Lair:3   | 11399 ||| DROPPING +0 cloak.
 11400 | Lair:3   | 11400 ||| READING 8 scrolls of identify.
 11400 | Lair:3   | 11400 ||| IDENTIFYING amethyst potion
 11456 | Lair:4   | 11456 ||| INVOKING Heroism.
 11457 | Lair:4   | Identified the +5 kite shield "Qorghipaarr" {+Blink Regen+
                  | Dex-5 Slay-2} (Okawaru gifted it to you on level 4 of the
                  | Lair of Beasts)
 11457 | Lair:4   | Received a gift from Okawaru
 11517 | Lair:4   | 11517 ||| INVOKING Heroism.
 11518 | Lair:4   | 11518 ||| INVOKING Finesse.
 11523 | Lair:4   | Reached skill level 15 in Ranged Weapons
 11602 | Lair:4   | Found a staircase to the Slime Pits.
 11638 | Lair:4   | 11638 ||| INVOKING Heroism.
 11741 | Lair:4   | 11741 ||| INVOKING Heroism.
 11950 | Lair:4   | 11950 ||| INVOKING Heroism.
 12206 | Lair:4   | 12206 ||| READING scroll of enchant armour.
 12206 | Lair:4   | 12206 ||| ENCHANTING +1 pair of gloves.
 12304 | Lair:4   | 12304 ||| DROPPING amulet of magic regeneration.
 12305 | Lair:4   | 12305 ||| READING 7 scrolls of identify.
 12305 | Lair:4   | 12305 ||| IDENTIFYING fizzy brown potion
 12306 | Lair:4   | 12306 ||| READING 6 scrolls of identify.
 12306 | Lair:4   | 12306 ||| IDENTIFYING ruby potion
 12307 | Lair:4   | 12307 ||| DROPPING potion of ambrosia.
 12316 | Lair:5   | Entered Level 5 of the Lair of Beasts
 12317 | Lair:5   | 12317 ||| PLANNING GAUNTLET
 12323 | Lair:5   | 12323 ||| STAIRDANCE
 12404 | Lair:5   | 12404 ||| INVOKING Heroism.
 12428 | Lair:5   | Found the Hermit's Pendant {Faith Invo=14 Evo=0 MP+5}
 12560 | Lair:5   | 12560 ||| INVOKING Heroism.
 12663 | Lair:5   | 12663 ||| INVOKING Heroism.
 12745 | Lair:5   | Found a gate leading to a gauntlet.
 12746 | Lair:5   | 12746 ||| READING 5 scrolls of identify.
 12746 | Lair:5   | 12746 ||| IDENTIFYING green potion
 12747 | Lair:5   | 12747 ||| READING 4 scrolls of identify.
 12747 | Lair:5   | 12747 ||| IDENTIFYING bubbling silvery potion
 12748 | Lair:5   | 12748 ||| DROPPING potion of attraction.
 12749 | Lair:5   | 12749 ||| DROPPING potion of berserk rage.
 12755 | Gauntlet | Entered a Gauntlet
 12755 | Gauntlet | Found a transporter.
 12755 | Gauntlet | Found a transporter.
 12756 | Gauntlet | Found a transporter.
 12759 | Gauntlet | Found a transporter.
 12759 | Gauntlet | Found a transporter.
 12759 | Gauntlet | Found a transporter.
 12769 | Gauntlet | Found a transporter.
 12773 | Gauntlet | Found a transporter.
 12785 | Gauntlet | Found a transporter.
 12887 | Gauntlet | Found a transporter.
 12889 | Gauntlet | Found a transporter.
 12899 | Gauntlet | Found a transporter.
 13011 | Gauntlet | 13011 ||| READING 3 scrolls of identify.
 13011 | Gauntlet | 13011 ||| IDENTIFYING yellow potion
 13057 | Gauntlet | 13057 ||| INVOKING Heroism.
 13092 | Gauntlet | 13092 ||| UPGRADING to +1 pair of boots of rampaging.
 13102 | Gauntlet | 13102 ||| DROPPING +0 pair of boots.
 13109 | Gauntlet | Noticed a minotaur
 13111 | Gauntlet | 13111 ||| INVOKING Heroism.
 13112 | Gauntlet | HP: 21/84 [minotaur/silver javelin (4)]
 13113 | Gauntlet | 13113 ||| DRINKING potion of heal wounds.
 13116 | Gauntlet | Killed a minotaur
 13184 | Gauntlet | 13184 ||| DROPPING +2 robe of cold resistance.
 13196 | Lair:5   | 13196 ||| PLANNING LAIR
 13234 | Lair:5   | 13234 ||| INVOKING Heroism.
 13237 | Lair:5   | Gained mutation: Your large and strong wings let you fly.
                  | [Gargoyle growth]
 13237 | Lair:5   | Reached XP level 14. HP: 90/90 MP: 18/21
 13451 | Lair:5   | 13451 ||| INVOKING Heroism.
 13483 | Lair:5   | 13483 ||| INVOKING Finesse.
 13534 | Lair:5   | 13534 ||| INVOKING Heroism.
 13548 | Lair:5   | 13548 ||| INVOKING Finesse.
 13583 | Lair:5   | 13583 ||| INVOKING Heroism.
 13812 | Lair:5   | 13812 ||| PLANNING D:1-11
 13812 | Lair:5   | 13812 ||| DROPPING +2 helmet.
 13813 | Lair:5   | 13813 ||| READING scroll labelled YWNAEH FYANGE.
 13894 | D:10     | Entered Level 10 of the Dungeon
 14197 | D:10     | Found a glowing silver altar of Zin.
 14263 | D:10     | Noticed Erica
 14264 | D:10     | 14264 ||| INVOKING Heroism.
 14265 | D:10     | 14265 ||| INVOKING Finesse.
 14268 | D:10     | Killed Erica
 14460 | D:10     | Found a hide-covered altar of Uskayaw.
 14525 | D:10     | Found a burning altar of Makhleb.
 14844 | D:11     | Found a frozen archway.
 14860 | D:11     | Identified the +9 longbow "Giantbane" {freeze, rElec Dex+2}
                  | (Okawaru gifted it to you on level 11 of the Dungeon)
 14860 | D:11     | Received a gift from Okawaru
 14861 | D:11     | Reached skill level 18 in Ranged Weapons
 14862 | D:11     | 14862 ||| SWAPPING to +9 longbow "Giantbane" {freeze, rElec
                  | Dex+2}.
 14863 | D:11     | 14863 ||| DROPPING +4 longbow of Vuarep {heavy, Fly rN+
                  | Int+3 Stlth-}.
 15100 | D:11     | 15100 ||| PLANNING D
 15125 | D:12     | 15125 ||| INVOKING Heroism.
 15127 | D:12     | 15127 ||| READING 7 scrolls of teleportation.
 15163 | D:12     | Found a staircase to the Orcish Mines.
 15165 | D:12     | 15165 ||| Stepping ~*~*~tactically~*~*~ (outnumbered).
 15168 | D:12     | 15168 ||| Stepping ~*~*~tactically~*~*~ (outnumbered).
 15172 | D:12     | 15172 ||| Stepping ~*~*~tactically~*~*~ (outnumbered).
 15411 | D:12     | Found Recibb's Weapon Shoppe.
 15860 | D:12     | 15860 ||| UPGRADING to ring of protection from cold.
 15928 | D:13     | Reached skill level 9 in Dodging
 15930 | D:13     | 15930 ||| STAIRDANCE
 16018 | D:13     | 16018 ||| Stepping ~*~*~tactically~*~*~ (outnumbered).
 16020 | D:13     | 16020 ||| Stepping ~*~*~tactically~*~*~ (outnumbered).
 16023 | D:13     | 16023 ||| Stepping ~*~*~tactically~*~*~ (outnumbered).
 16026 | D:13     | 16026 ||| Stepping ~*~*~tactically~*~*~ (outnumbered).
 16073 | D:13     | Reached skill level 12 in Fighting
 16088 | D:13     | 16088 ||| FLEEEEING.
 16089 | D:13     | 16089 ||| FLEEEEING.
 16183 | D:13     | 16183 ||| READING scroll of acquirement.
 16183 | D:13     | 16183 ||| ACQUIRING amulet of the Salmon {Reflect rPois rF+
                  | Str+6 SH+5}
 16183 | D:13     | Acquired the amulet of the Salmon {Reflect rPois rF+ Str+6
                  | SH+5}
 16185 | D:13     | 16185 ||| DROPPING amulet of the acrobat.
 16213 | D:13     | 16213 ||| INVOKING Heroism.
 16214 | D:13     | 16214 ||| INVOKING Finesse.
 16452 | D:13     | 16452 ||| Stepping ~*~*~tactically~*~*~ (outnumbered).
 16524 | D:13     | 16524 ||| FLEEEEING.
 16527 | D:13     | 16527 ||| FLEEEEING.
 16530 | D:13     | 16530 ||| STAIRDANCE
 16554 | D:12     | 16554 ||| DROPPING amulet of guardian spirit.
 16654 | D:13     | Found a portal to a secret trove of treasure.
 16819 | D:14     | Noticed Louise
 16820 | D:14     | 16820 ||| INVOKING Heroism.
 16821 | D:14     | 16821 ||| INVOKING Finesse.
 16828 | D:14     | Killed Louise
 16828 | D:14     | Received a gift from Okawaru
 16891 | D:14     | Reached XP level 15. HP: 96/96 MP: 22/22
 17070 | D:14     | Found a gate to the Vaults.
 17080 | D:14     | Identified the +1 plate armour of Zin's Displeasure {Int+4}
 17113 | D:14     | 17113 ||| READING scroll of enchant armour.
 17113 | D:14     | 17113 ||| ENCHANTING +1 pair of boots of rampaging.
 17198 | D:14     | Noticed Nessos
 17199 | D:14     | 17199 ||| INVOKING Finesse.
 17201 | D:14     | Killed Nessos
 17254 | D:14     | Identified the ring "Tuocruw" {Ice rCorr}
 17354 | D:14     | 17354 ||| DROPPING +0 acid dragon scales.
 17355 | D:14     | 17355 ||| DROPPING +2 ring mail of willpower.
 17356 | D:14     | 17356 ||| DROPPING ring of ice.
 17357 | D:14     | 17357 ||| READING 7 scrolls of identify.
 17357 | D:14     | 17357 ||| IDENTIFYING bubbling cyan potion
 17417 | D:15     | Entered Level 15 of the Dungeon
 17418 | D:15     | 17418 ||| INVOKING Heroism.
 17445 | D:15     | 17445 ||| FLEEEEING.
 17446 | D:15     | 17446 ||| STAIRDANCE
 17469 | D:15     | 17469 ||| STAIRDANCE
 17489 | D:15     | 17489 ||| STAIRDANCE
 17491 | D:14     | Identified the scarf "Vyhenyma" {harm, rElec Will+}
                  | (Okawaru gifted it to you on level 14 of the Dungeon)
 17491 | D:14     | Received a gift from Okawaru
 17502 | D:14     | 17502 ||| INVOKING Heroism.
 17533 | D:14     | 17533 ||| DROPPING scarf "Vyhenyma" {harm, rElec Will+}.
 17815 | D:15     | 17815 ||| INVOKING Heroism.
 17816 | D:15     | 17816 ||| Stepping ~*~*~tactically~*~*~ (outnumbered).
 17859 | D:15     | Found a staircase to the Depths.
 17937 | D:15     | 17937 ||| READING scroll of acquirement.
 17937 | D:15     | 17937 ||| ACQUIRING ring of the Insatiable Knives {rElec
                  | rC- Will+ rCorr Dex+5}
 17937 | D:15     | Acquired the ring of the Insatiable Knives {rElec rC- Will+
                  | rCorr Dex+5}
 17939 | D:15     | 17939 ||| UPGRADING to ring of the Insatiable Knives {rElec
                  | rC- Will+ rCorr Dex+5}.
 18135 | D:15     | 18135 ||| PLANNING ORC
 18135 | D:15     | 18135 ||| UPGRADING to ring of see invisible.
 18218 | Orc:1    | Entered Level 1 of the Orcish Mines
 18422 | Orc:2    | Entered Level 2 of the Orcish Mines
 18435 | Orc:2    | Found a staircase to the Elven Halls.
 18541 | Orc:2    | 18541 ||| FLEEEEING.
 18542 | Orc:2    | 18542 ||| FLEEEEING.
 18543 | Orc:2    | 18543 ||| FLEEEEING.
 18544 | Orc:2    | 18544 ||| FLEEEEING.
 18545 | Orc:2    | 18545 ||| FLEEEEING.
 18546 | Orc:2    | 18546 ||| FLEEEEING.
 18560 | Orc:2    | 18560 ||| INVOKING Heroism.
 18567 | Orc:2    | Noticed Urug
 18568 | Orc:2    | 18568 ||| INVOKING Finesse.
 18577 | Orc:2    | Noticed Donald
 18586 | Orc:2    | Noticed Rupert
 18588 | Orc:2    | HP: 9/98 [orc knight/+0 great mace (31)]
 18589 | Orc:2    | 18589 ||| READING 6 scrolls of teleportation.
 18590 | Orc:2    | 18590 ||| DRINKING potion of heal wounds.
 18611 | Orc:2    | 18611 ||| INVOKING Heroism.
 18618 | Orc:2    | 18618 ||| INVOKING Finesse.
 18623 | Orc:2    | Killed Donald
 18641 | Orc:2    | Received a gift from Okawaru
 18675 | Orc:2    | 18675 ||| SWAPPING to +6 triple crossbow of freezing.
 18676 | Orc:2    | 18676 ||| DROPPING +9 longbow "Giantbane" {freeze, rElec
                  | Dex+2}.
 18683 | Orc:2    | 18683 ||| INVOKING Finesse.
 18686 | Orc:2    | Killed Rupert
 18789 | Orc:2    | Found Qakh's Antique Weapon Boutique.
 18789 | Orc:2    | Found Wocluyr's Book Shoppe.
 18789 | Orc:2    | Found Dual's Armour Emporium.
 18792 | Orc:2    | Found Coam Duf's Antique Armour Shop.
 18804 | Orc:2    | 18804 ||| BUYING shiny ring mail (175 gold).
 18804 | Orc:2    | Bought a shiny ring mail for 175 gold pieces
 18827 | Orc:2    | 18827 ||| INVOKING Heroism.
 18828 | Orc:2    | 18828 ||| INVOKING Finesse.
 18832 | Orc:2    | Killed Urug
 18833 | Orc:2    | Reached XP level 16. HP: 96/104 MP: 15/23
 18972 | Orc:2    | 18972 ||| DROPPING +2 ring mail of willpower.
 19121 | Orc:1    | Noticed Maurice
 19122 | Orc:1    | 19122 ||| INVOKING Heroism.
 19123 | Orc:1    | 19123 ||| INVOKING Finesse.
 19135 | Orc:1    | Killed Maurice
 19276 | Orc:1    | 19276 ||| PLANNING SHOALS:1-3
 19423 | Shoals:1 | Entered Level 1 of the Shoals
 19439 | Shoals:1 | 19439 ||| Stepping ~*~*~tactically~*~*~ (outnumbered).
 19441 | Shoals:1 | 19441 ||| INVOKING Heroism.
 19484 | Shoals:1 | 19484 ||| INVOKING Heroism.
 19804 | Shoals:1 | 19804 ||| INVOKING Heroism.
 19946 | Shoals:1 | Found Diec's Antique Weapon Shop.
 20122 | Shoals:1 | 20122 ||| DROPPING amulet of reflection.
 20123 | Shoals:1 | 20123 ||| DROPPING ring of wizardry.
 20124 | Shoals:1 | 20124 ||| READING scroll labelled GABIOT POADUEK.
 20173 | Shoals:2 | 20173 ||| INVOKING Heroism.
 20206 | Shoals:2 | 20206 ||| INVOKING Heroism.
 20241 | Shoals:2 | 20241 ||| INVOKING Heroism.
 20271 | Shoals:2 | 20271 ||| INVOKING Heroism.
 20339 | Shoals:2 | 20339 ||| INVOKING Heroism.
 20358 | Shoals:2 | Found Tupnal's Specific Store.
 20362 | Shoals:2 | Found Buacw's General Store.
 20369 | Shoals:2 | 20369 ||| Stepping ~*~*~tactically~*~*~ (outnumbered).
 20373 | Shoals:2 | 20373 ||| Stepping ~*~*~tactically~*~*~ (outnumbered).
 20374 | Shoals:2 | 20374 ||| Stepping ~*~*~tactically~*~*~ (outnumbered).
 20382 | Shoals:2 | 20382 ||| INVOKING Heroism.
 20432 | Shoals:2 | 20432 ||| Stepping ~*~*~tactically~*~*~ (outnumbered).
 20434 | Shoals:2 | 20434 ||| Stepping ~*~*~tactically~*~*~ (outnumbered).
 20437 | Shoals:2 | 20437 ||| INVOKING Heroism.
 20469 | Shoals:2 | Received a gift from Okawaru
 20635 | Shoals:2 | 20635 ||| INVOKING Heroism.
 20849 | Shoals:2 | 20849 ||| INVOKING Heroism.
 20996 | Shoals:2 | 20996 ||| DROPPING +6 ring of intelligence.
 21037 | Shoals:3 | 21037 ||| STAIRDANCE
 21067 | Shoals:3 | Reached skill level 21 in Ranged Weapons
 21141 | Shoals:3 | 21141 ||| INVOKING Heroism.
 21142 | Shoals:3 | Received a gift from Okawaru
 21171 | Shoals:3 | 21171 ||| INVOKING Heroism.
 21209 | Shoals:3 | 21209 ||| INVOKING Heroism.
 21261 | Shoals:3 | 21261 ||| INVOKING Heroism.
 21311 | Shoals:3 | Noticed a kraken
 21322 | Shoals:3 | 21322 ||| INVOKING Heroism.
 21325 | Shoals:3 | Killed a kraken
 21456 | Shoals:3 | 21456 ||| INVOKING Heroism.
 21481 | Shoals:3 | Reached skill level 12 in Dodging
 21497 | Shoals:3 | Reached XP level 17. HP: 104/111 MP: 24/24
 21896 | Shoals:3 | 21896 ||| PLANNING SPIDER:1-3
 21980 | Spider:1 | Entered Level 1 of the Spider Nest
 22173 | Spider:1 | 22173 ||| Stepping ~*~*~tactically~*~*~ (outnumbered).
 22179 | Spider:1 | 22179 ||| DRINKING 11 potions of curing.
 22179 | Spider:1 | 22179 ||| (to cure confusion)
 22180 | Spider:1 | 22180 ||| INVOKING Heroism.
 22250 | Spider:1 | Reached skill level 15 in Fighting
 22407 | Spider:1 | Received a gift from Okawaru
 22845 | Spider:2 | 22845 ||| STAIRDANCE
 22864 | Spider:2 | 22864 ||| STAIRDANCE
 22894 | Spider:2 | 22894 ||| STAIRDANCE
 22926 | Spider:2 | 22926 ||| STAIRDANCE
 22932 | Spider:1 | 22932 ||| INVOKING Heroism.
 22933 | Spider:1 | Received a gift from Okawaru
 22974 | Spider:1 | 22974 ||| DROPPING +0 pair of boots of stealth.
 22997 | Spider:2 | 22997 ||| INVOKING Heroism.
 23037 | Spider:2 | 23037 ||| FLEEEEING.
 23038 | Spider:2 | 23038 ||| FLEEEEING.
 23039 | Spider:2 | 23039 ||| FLEEEEING.
 23041 | Spider:2 | 23041 ||| FLEEEEING.
 23042 | Spider:2 | 23042 ||| FLEEEEING.
 23043 | Spider:2 | 23043 ||| FLEEEEING.
 23044 | Spider:2 | 23044 ||| STAIRDANCE
 23150 | Spider:2 | 23150 ||| INVOKING Heroism.
 23380 | Spider:2 | 23380 ||| INVOKING Heroism.
 23381 | Spider:2 | 23381 ||| INVOKING Finesse.
 23404 | Spider:2 | 23404 ||| Stepping ~*~*~tactically~*~*~ (outnumbered).
 23527 | Spider:2 | 23527 ||| INVOKING Heroism.
 23528 | Spider:2 | 23528 ||| INVOKING Finesse.
 23601 | Spider:2 | 23601 ||| Stepping ~*~*~tactically~*~*~ (outnumbered).
 23727 | Spider:2 | 23727 ||| INVOKING Heroism.
 23857 | Spider:2 | 23857 ||| INVOKING Heroism.
 23870 | Spider:2 | Received a gift from Okawaru
 24123 | Spider:3 | 24123 ||| Stepping ~*~*~tactically~*~*~ (outnumbered).
 24129 | Spider:3 | 24129 ||| Stepping ~*~*~tactically~*~*~ (outnumbered).
 24255 | Spider:3 | 24255 ||| Stepping ~*~*~tactically~*~*~ (outnumbered).
 24259 | Spider:3 | Reached XP level 18. HP: 120/120 MP: 25/25
 24263 | Spider:3 | 24263 ||| Stepping ~*~*~tactically~*~*~ (outnumbered).
 24266 | Spider:3 | 24266 ||| Stepping ~*~*~tactically~*~*~ (outnumbered).
 24275 | Spider:3 | 24275 ||| INVOKING Heroism.
 24371 | Spider:3 | 24371 ||| INVOKING Heroism.
 24400 | Spider:3 | 24400 ||| INVOKING Heroism.
 24598 | Spider:3 | 24598 ||| INVOKING Heroism.
 25084 | Spider:3 | 25084 ||| PLANNING SHOALS:4
 25251 | Shoals:4 | Entered Level 4 of the Shoals
 25265 | Shoals:4 | Received a gift from Okawaru
 25367 | Shoals:4 | 25367 ||| INVOKING Heroism.
 25572 | Shoals:4 | 25572 ||| INVOKING Heroism.
 25753 | Shoals:4 | 25753 ||| INVOKING Heroism.
 25754 | Shoals:4 | 25754 ||| INVOKING Finesse.
 25819 | Shoals:4 | 25819 ||| Stepping ~*~*~tactically~*~*~ (outnumbered).
 25821 | Shoals:4 | 25821 ||| Stepping ~*~*~tactically~*~*~ (outnumbered).
 25823 | Shoals:4 | 25823 ||| INVOKING Heroism.
 25824 | Shoals:4 | 25824 ||| Stepping ~*~*~tactically~*~*~ (outnumbered).
 25828 | Shoals:4 | 25828 ||| Stepping ~*~*~tactically~*~*~ (outnumbered).
 25829 | Shoals:4 | 25829 ||| Stepping ~*~*~tactically~*~*~ (outnumbered).
 25841 | Shoals:4 | 25841 ||| Stepping ~*~*~tactically~*~*~ (outnumbered).
 25845 | Shoals:4 | 25845 ||| Stepping ~*~*~tactically~*~*~ (outnumbered).
 25861 | Shoals:4 | 25861 ||| INVOKING Heroism.
 25862 | Shoals:4 | 25862 ||| INVOKING Finesse.
 25897 | Shoals:4 | Noticed Ilsuiw
 25910 | Shoals:4 | Killed Ilsuiw
 25938 | Shoals:4 | 25938 ||| INVOKING Heroism.
 25939 | Shoals:4 | 25939 ||| Stepping ~*~*~tactically~*~*~ (outnumbered).
 25942 | Shoals:4 | 25942 ||| INVOKING Finesse.
 26008 | Shoals:4 | 26008 ||| INVOKING Heroism.
 26043 | Shoals:4 | 26043 ||| Stepping ~*~*~tactically~*~*~ (outnumbered).
 26044 | Shoals:4 | 26044 ||| Stepping ~*~*~tactically~*~*~ (outnumbered).
 26046 | Shoals:4 | 26046 ||| Stepping ~*~*~tactically~*~*~ (outnumbered).
 26048 | Shoals:4 | 26048 ||| INVOKING Heroism.
 26049 | Shoals:4 | 26049 ||| Stepping ~*~*~tactically~*~*~ (outnumbered).
 26050 | Shoals:4 | 26050 ||| Stepping ~*~*~tactically~*~*~ (outnumbered).
 26058 | Shoals:4 | 26058 ||| Stepping ~*~*~tactically~*~*~ (outnumbered).
 26124 | Shoals:4 | Got a barnacled rune of Zot
 26210 | Shoals:4 | 26210 ||| Stepping ~*~*~tactically~*~*~ (outnumbered).
 26219 | Shoals:4 | 26219 ||| Stepping ~*~*~tactically~*~*~ (cloud).
 26319 | Shoals:4 | 26319 ||| PLANNING VAULTS:1-4
 26319 | Shoals:4 | 26319 ||| DROPPING +1 robe of willpower.
 26320 | Shoals:4 | 26320 ||| DROPPING +1 pair of gloves.
 26321 | Shoals:4 | 26321 ||| DROPPING +0 cloak of poison resistance.
 26555 | Vaults:1 | Entered Level 1 of the Vaults
 26556 | Vaults:1 | 26556 ||| PLANNING BAZAAR
 26559 | Vaults:1 | 26559 ||| STAIRDANCE
 26563 | D:14     | 26563 ||| INVOKING Heroism.
 26661 | Vaults:1 | Received a gift from Okawaru
 26688 | Vaults:1 | Reached skill level 18 in Fighting
 26912 | Vaults:1 | Reached XP level 19. HP: 114/130 MP: 26/26
 26947 | Vaults:1 | Found a flickering gateway to a bazaar.
 26952 | Bazaar   | Entered a bazaar
 26968 | Bazaar   | Found Cowicot's Assorted Antiques.
 26969 | Bazaar   | Found Xutzaschyu's Antique Armour Shoppe.
 26977 | Bazaar   | 26977 ||| BUYING dazzling ring mail (189 gold).
 26977 | Bazaar   | Bought a dazzling ring mail for 189 gold pieces
 26977 | Bazaar   | Identified the +3 ring mail "Udosm" {Str-4 Int+2 Dex+2}
                  | (You bought it in a shop in a bazaar)
 26977 | Bazaar   | 26977 ||| BUYING glowing ring mail (147 gold).
 26977 | Bazaar   | Bought a glowing ring mail for 147 gold pieces
 26977 | Bazaar   | 26977 ||| BUYING pair of glowing gloves (157 gold).
 26977 | Bazaar   | Bought a pair of glowing gloves for 157 gold pieces
 26991 | Bazaar   | 26991 ||| BUYING large brass ring (145 gold).
 26991 | Bazaar   | Bought a large brass ring for 145 gold pieces
 27011 | Bazaar   | Found Eworerch's Book Emporium.
 27011 | Bazaar   | Found Isonuc Jiru's Book Emporium.
 27033 | Bazaar   | 27033 ||| DROPPING +3 ring mail "Udosm" {Str-4 Int+2
                  | Dex+2}.
 27034 | Bazaar   | 27034 ||| DROPPING +1 pair of gloves.
 27035 | Bazaar   | 27035 ||| DROPPING ring of flight.
 27048 | Vaults:1 | 27048 ||| PLANNING VAULTS:1-4
 27058 | Vaults:1 | 27058 ||| INVOKING Heroism.
 27059 | Vaults:1 | 27059 ||| INVOKING Finesse.
 27159 | Vaults:1 | Identified the +8 chain mail of Zifim {Dex+3} (Okawaru
                  | gifted it to you on level 1 of the Vaults)
 27159 | Vaults:1 | Received a gift from Okawaru
 27474 | Vaults:1 | 27474 ||| Stepping ~*~*~tactically~*~*~ (outnumbered).
 27476 | Vaults:1 | 27476 ||| Stepping ~*~*~tactically~*~*~ (outnumbered).
 27478 | Vaults:1 | 27478 ||| Stepping ~*~*~tactically~*~*~ (outnumbered).
 27480 | Vaults:1 | 27480 ||| Stepping ~*~*~tactically~*~*~ (outnumbered).
 27485 | Vaults:1 | 27485 ||| FLEEEEING.
 27486 | Vaults:1 | 27486 ||| FLEEEEING.
 27487 | Vaults:1 | 27487 ||| FLEEEEING.
 27488 | Vaults:1 | 27488 ||| FLEEEEING.
 27489 | Vaults:1 | 27489 ||| FLEEEEING.
 27490 | Vaults:1 | 27490 ||| FLEEEEING.
 27497 | Vaults:1 | 27497 ||| Stepping ~*~*~tactically~*~*~ (outnumbered).
 27502 | Vaults:1 | Reached skill level 15 in Dodging
 27594 | Vaults:1 | 27594 ||| INVOKING Heroism.
 27836 | Vaults:1 | 27836 ||| INVOKING Heroism.
 27998 | Vaults:1 | 27998 ||| UPGRADING to +0 pair of gloves of dexterity.
 28008 | Vaults:1 | 28008 ||| DROPPING +2 pair of gloves.
 28129 | Vaults:2 | 28129 ||| FLEEEEING.
 28130 | Vaults:2 | 28130 ||| FLEEEEING.
 28131 | Vaults:2 | 28131 ||| FLEEEEING.
 28132 | Vaults:2 | 28132 ||| FLEEEEING.
 28133 | Vaults:2 | 28133 ||| FLEEEEING.
 28137 | Vaults:2 | 28137 ||| FLEEEEING.
 28138 | Vaults:2 | 28138 ||| FLEEEEING.
 28139 | Vaults:2 | 28139 ||| FLEEEEING.
 28140 | Vaults:2 | 28140 ||| FLEEEEING.
 28141 | Vaults:2 | 28141 ||| FLEEEEING.
 28142 | Vaults:2 | 28142 ||| FLEEEEING.
 28143 | Vaults:2 | 28143 ||| FLEEEEING.
 28144 | Vaults:2 | 28144 ||| FLEEEEING.
 28145 | Vaults:2 | 28145 ||| FLEEEEING.
 28146 | Vaults:2 | 28146 ||| FLEEEEING.
 28147 | Vaults:2 | 28147 ||| FLEEEEING.
 28148 | Vaults:2 | 28148 ||| FLEEEEING.
 28154 | Vaults:2 | 28154 ||| FLEEEEING.
 28155 | Vaults:2 | 28155 ||| FLEEEEING.
 28156 | Vaults:2 | 28156 ||| FLEEEEING.
 28386 | Vaults:2 | Identified the +4 quarterstaff of Kudat {heavy, Str+2}
 28605 | Vaults:2 | 28605 ||| INVOKING Heroism.
 28617 | Vaults:2 | HP: 29/132 [vault warden/+1 dire flail of draining (22)]
 28618 | Vaults:2 | 28618 ||| READING 8 scrolls of teleportation.
 28618 | Vaults:2 | HP: 9/132 [vault warden/+1 dire flail of draining (9)]
 28619 | Vaults:2 | 28619 ||| DRINKING 5 potions of heal wounds.
 28620 | Vaults:2 | 28620 ||| DRINKING 4 potions of heal wounds.
 28622 | Vaults:2 | 28622 ||| DRINKING 3 potions of heal wounds.
 29283 | Vaults:3 | 29283 ||| INVOKING Heroism.
 29284 | Vaults:3 | 29284 ||| INVOKING Finesse.
 29475 | Vaults:3 | Found a staircase to the Crypt.
 29486 | Vaults:3 | Received a gift from Okawaru
 29486 | Vaults:3 | Found the +27 heavy crossbow "Sniper" {heavy, Acc+∞ SInv}
 29490 | Vaults:3 | 29490 ||| SWAPPING to +27 heavy crossbow "Sniper" {heavy,
                  | Acc+∞ SInv}.
 29491 | Vaults:3 | 29491 ||| REMOVING ring of see invisible.
 29492 | Vaults:3 | 29492 ||| DROPPING +6 triple crossbow of freezing.
 29608 | Vaults:3 | 29608 ||| INVOKING Heroism.
 29640 | Vaults:3 | 29640 ||| Stepping ~*~*~tactically~*~*~ (outnumbered).
 29662 | Vaults:3 | 29662 ||| DROPPING +2 leather armour of poison resistance.
 29742 | Vaults:3 | Reached XP level 20. HP: 139/139 MP: 27/27
 29795 | Vaults:3 | Reached ****** piety under Okawaru
 29862 | Vaults:3 | Identified the ring "Doczeit" {Fly rCorr Dex+6}
 29907 | Vaults:3 | Received a gift from Okawaru
 30239 | Vaults:3 | 30239 ||| UPGRADING to ring "Doczeit" {Fly rCorr Dex+6}.
 30240 | Vaults:3 | 30240 ||| DROPPING ring of willpower.
 30241 | Vaults:3 | 30241 ||| DROPPING ring of resist corrosion.
 30242 | Vaults:3 | 30242 ||| DROPPING ring of fire.
 30243 | Vaults:3 | 30243 ||| DROPPING ring of protection from cold.
 30244 | Vaults:3 | 30244 ||| DROPPING ring "Tuocruw" {Ice rCorr}.
 30260 | Vaults:4 | Noticed Xtahua
 30261 | Vaults:4 | 30261 ||| DRINKING 2 potions of resistance.
 30262 | Vaults:4 | 30262 ||| INVOKING Heroism.
 30263 | Vaults:4 | 30263 ||| INVOKING Finesse.
 30265 | Vaults:4 | Killed Xtahua
 30432 | Vaults:4 | 30432 ||| INVOKING Heroism.
 30579 | Vaults:4 | Noticed Jory
 30581 | Vaults:4 | Killed Jory
 30602 | Vaults:4 | Identified the +8 shortbow of False Hope {drain, Will+}
                  | (Okawaru gifted it to you on level 4 of the Vaults)
 30602 | Vaults:4 | Received a gift from Okawaru
 30658 | Vaults:4 | 30658 ||| FLEEEEING.
 30661 | Vaults:4 | Noticed Mennas
 30662 | Vaults:4 | 30662 ||| INVOKING Heroism.
 30663 | Vaults:4 | 30663 ||| INVOKING Finesse.
 30665 | Vaults:4 | Killed Mennas
 30764 | Vaults:4 | Identified the +0 arbalest of Slow Death {drain, Str+3
                  | Stlth+}
 30802 | Vaults:4 | Reached skill level 18 in Dodging
 30821 | Vaults:4 | Identified the +0 chain mail of Fashionability {rC+ rCorr
                  | Dex+2} (Okawaru gifted it to you on level 4 of the Vaults)
 30821 | Vaults:4 | Received a gift from Okawaru
 31091 | Vaults:4 | 31091 ||| INVOKING Heroism.
 31149 | Vaults:4 | 31149 ||| Stepping ~*~*~tactically~*~*~ (outnumbered).
 31152 | Vaults:4 | 31152 ||| Stepping ~*~*~tactically~*~*~ (outnumbered).
 31155 | Vaults:4 | 31155 ||| Stepping ~*~*~tactically~*~*~ (outnumbered).
 31158 | Vaults:4 | 31158 ||| Stepping ~*~*~tactically~*~*~ (outnumbered).
 31161 | Vaults:4 | 31161 ||| Stepping ~*~*~tactically~*~*~ (outnumbered).
 31165 | Vaults:4 | 31165 ||| INVOKING Heroism.
 31541 | Vaults:4 | 31541 ||| PLANNING SPIDER:4
 31907 | Spider:4 | Entered Level 4 of the Spider Nest
 31909 | Spider:4 | 31909 ||| STAIRDANCE
 31914 | Spider:4 | 31914 ||| STAIRDANCE
 31950 | Spider:4 | 31950 ||| FLEEEEING.
 31986 | Spider:4 | Noticed Mlioglotl
 31989 | Spider:4 | Killed Mlioglotl
 32054 | Spider:4 | Noticed Kirke
 32056 | Spider:4 | Killed Kirke
 32059 | Spider:4 | 32059 ||| DRINKING 15 potions of curing.
 32059 | Spider:4 | 32059 ||| (to cure confusion)
 32068 | Spider:4 | Noticed Arachne
 32072 | Spider:4 | Killed Arachne
 32073 | Spider:4 | Reached XP level 21. HP: 136/146 MP: 28/28
 32121 | Spider:4 | 32121 ||| READING scroll of enchant armour.
 32121 | Spider:4 | 32121 ||| ENCHANTING +0 pair of gloves of dexterity.
 32138 | Spider:4 | Received a gift from Okawaru
 32243 | Spider:4 | 32243 ||| INVOKING Heroism.
 32419 | Spider:4 | 32419 ||| INVOKING Heroism.
 32832 | Spider:4 | Got a gossamer rune of Zot
 32861 | Spider:4 | 32861 ||| INVOKING Heroism.
 32907 | Spider:4 | 32907 ||| PLANNING DEPTHS
 32907 | Spider:4 | 32907 ||| DROPPING +2 robe of cold resistance.
 32908 | Spider:4 | 32908 ||| UPGRADING to scarf of resistance.
 33250 | Depths:1 | Entered Level 1 of the Depths
 33258 | Depths:1 | 33258 ||| INVOKING Finesse.
 33391 | Depths:1 | 33391 ||| FLEEEEING.
 33392 | Depths:1 | 33392 ||| FLEEEEING.
 33393 | Depths:1 | 33393 ||| FLEEEEING.
 33394 | Depths:1 | 33394 ||| FLEEEEING.
 33395 | Depths:1 | 33395 ||| FLEEEEING.
 33396 | Depths:1 | 33396 ||| FLEEEEING.
 33399 | Depths:1 | 33399 ||| INVOKING Heroism.
 33401 | Depths:1 | 33401 ||| INVOKING Finesse.
 33542 | Depths:1 | 33542 ||| Stepping ~*~*~tactically~*~*~ (outnumbered).
 33543 | Depths:1 | 33543 ||| Stepping ~*~*~tactically~*~*~ (outnumbered).
 33545 | Depths:1 | 33545 ||| INVOKING Heroism.
 33546 | Depths:1 | 33546 ||| Stepping ~*~*~tactically~*~*~ (outnumbered).
 33550 | Depths:1 | 33550 ||| INVOKING Finesse.
 33681 | Depths:1 | 33681 ||| INVOKING Heroism.
 33682 | Depths:1 | 33682 ||| INVOKING Finesse.
 33683 | Depths:1 | Received a gift from Okawaru
 33719 | Depths:1 | Reached skill level 21 in Fighting
 33739 | Depths:1 | Found a gateway to Hell.
 34036 | Depths:1 | 34036 ||| Stepping ~*~*~tactically~*~*~ (outnumbered).
 34096 | Depths:1 | 34096 ||| INVOKING Heroism.
 34097 | Depths:1 | 34097 ||| INVOKING Finesse.
 34131 | Depths:1 | 34131 ||| INVOKING Heroism.
 34146 | Depths:1 | 34146 ||| INVOKING Finesse.
 34361 | Depths:2 | Found a runed translucent gate.
 34362 | Depths:2 | 34362 ||| INVOKING Heroism.
 34363 | Depths:2 | 34363 ||| INVOKING Finesse.
 34396 | Depths:2 | Found a runed translucent gate.
 34396 | Depths:2 | Found a runed translucent gate.
 34409 | Depths:2 | Identified the +10 mace "Toxaj" {pain, Str+6 Int-5 SInv
                  | Stlth+}
 34437 | Depths:2 | Found a one-way gateway to a ziggurat.
 34445 | Depths:2 | 34445 ||| INVOKING Heroism.
 34538 | Depths:2 | 34538 ||| READING scroll of enchant armour.
 34538 | Depths:2 | 34538 ||| ENCHANTING +1 pair of gloves of dexterity.
 34645 | Depths:2 | 34645 ||| INVOKING Heroism.
 34646 | Depths:2 | 34646 ||| INVOKING Finesse.
 34650 | Depths:2 | 34650 ||| Stepping ~*~*~tactically~*~*~ (outnumbered).
 34658 | Depths:2 | Noticed a juggernaut
 34660 | Depths:2 | Killed a juggernaut
 34709 | Depths:2 | 34709 ||| INVOKING Heroism.
 34710 | Depths:2 | 34710 ||| INVOKING Finesse.
 34762 | Depths:2 | 34762 ||| INVOKING Heroism.
 34768 | Depths:2 | Reached XP level 22. HP: 144/155 MP: 29/29
 34819 | Depths:2 | 34819 ||| INVOKING Heroism.
 34974 | Depths:2 | Noticed Amikeex's ghost (adept TrMo)
 35217 | Depths:2 | 35217 ||| Stepping ~*~*~tactically~*~*~ (outnumbered).
 35223 | Depths:2 | Found a one-way gate leading to the halls of Pandemonium.
 35227 | Depths:2 | Reached skill level 9 in Armour
 35331 | Depths:2 | 35331 ||| INVOKING Heroism.
 35346 | Depths:2 | 35346 ||| INVOKING Finesse.
 35350 | Depths:2 | Identified the +0 robe of the Blessed Realm {-Tele Harm
                  | rCorr Int+2} (Okawaru gifted it to you on level 2 of the
                  | Depths)
 35350 | Depths:2 | Received a gift from Okawaru
 35386 | Depths:2 | Found the +10 zealot's sword {holy, Zealotry, *Rage rN+
                  | EV+3}
 35553 | Depths:2 | 35553 ||| DROPPING +0 robe of the Blessed Realm {-Tele Harm
                  | rCorr Int+2}.
 35699 | Depths:3 | 35699 ||| INVOKING Finesse.
 35745 | Depths:3 | 35745 ||| INVOKING Heroism.
 35828 | Depths:3 | 35828 ||| INVOKING Heroism.
 35830 | Depths:3 | 35830 ||| Stepping ~*~*~tactically~*~*~ (outnumbered).
 35835 | Depths:3 | 35835 ||| Stepping ~*~*~tactically~*~*~ (outnumbered).
 35844 | Depths:3 | HP: 16/156 [living spell/crystal spear[a walking crystal
                  | tome] (66)]
 35844 | Depths:3 | Killed from afar by a living spell

Levels and vault maps discovered:
D:1:      elethiomel_arrival_infinity_welcomes_careful_drivers, layout_rooms,
          nrook_uturn, minivault_26
D:2:      layout_basic, basic_altar
D:3:      layout_basic, chequers_serial_rivers_marsh
D:4:      layout_loops_cross, gammafunk_temple_overflow_arena, vehumet_statue,
          minmay_temple_entry_trees, portal_sewer_entry_c, st_stairs_8,
          uniq_crazy_yiuf_cottage, uniq_ijyb, uniq_sigmund
D:5:      nicolae_cairo_tiling_large, layout_gridville, grunt_dithmenos_shadows,
          grunt_temple_overflow_open, general_overflow_altar,
          serial_bayou_lake_a, uniq_grinder, uniq_eustachio
D:6:      layout_basic, grunt_gozag_breadcrumbs, nzn_wu_jian_contemplation,
          kennysheep_little_box, chequers_serial_rivers_small_3
D:7:      layout_basic, lemuel_doored_altar, serial_shops, nicolae_shop_trees,
          gammafunk_ghost_stat_death
D:8:      layout_cave_pools, mainiacjoe_overflow_concentric_impassable,
          nicolae_tso_swordbearing_angel
D:9:      layout_stronghold, david_lair_generic
D:10:     layout_stronghold, demons_altar, mainiacjoe_overflow_catwalk,
          zin_scriptorium, chequers_jeans, uniq_erica
D:11:     layout_cave_pools, portal_ice_cave_entry_pillars_1
D:12:     layout_loops_ring, david_orc_3, serial_shops, nicolae_shop_mannequins,
          nicolae_lava_and_water, corner_web_ring
D:13:     layout_irregular_city, enter_trove_6, serial_ice, serial_ice_d,
          serial_ice_m, serial_ice_i, serial_ice_n
D:14:     layout_rooms, ximxim_vaults_locker_room, uniq_nessos, uniq_louise
D:15:     grunt_enter_depths_magical_seal, layout_cross, kennysheep_crisscross
Lair:1:   layout_long_grid, chequers_serial_rivers_micro_c
Lair:2:   layout_regular_city, elwin_shoals_entry_rocks,
          nicolae_spider_entry_tight_spaces, minivault_11, disabler_island
Lair:3:   layout_hall_layers, uniq_amaemon, uniq_sonja
Lair:4:   layout_long_grid, slime_entry_1, beast_lair_carwin_7
Lair:5:   evilmike_catoblepas_cave, layout_hall_layers, gauntlet_entry_generic,
          serial_bayou_shore_a, lemuel_fruit_tree, grunt_megastairs_4,
          serial_bayou_shore_b
Shoals:1: layout_shoals, serial_shops, shop
Shoals:2: layout_shoals, nicolae_specific_store
Shoals:3: layout_shoals, nicolae_shoals_gull_way
Shoals:4: shoals_end_simple, layout_shoals, shoals_ilsuiw_ice
Spider:1: layout_spider_delve, beargit_elvish_explorers,
          hangedman_spider_tarantella_strand
Spider:2: spider_temple_joshua, nicolae_spider_rock_and_or_roll
Spider:3: layout_spider_delve, drop_trap
Spider:4: floodkiller_spider_rune_tomb, nicolae_spider_nook, uniq_mlioglotl,
          uniq_kirke, uniq_arachne
Orc:1:    layout_caves, uniq_maurice
Orc:2:    st_orc_rangers, layout_caves, uniq_donald, uniq_urug, uniq_rupert
Vaults:1: vaults_mumra_minichess_inversion, nicolae_vaults_murder_corner,
          nicolae_vaults_big_angled_halls, nicolae_vaults_what_the_h,
          hangedman_vaults_corner_blocks, vaults_room_ringed_pool, v_misc_8,
          v_misc_18, nicolae_vaults_little_squares_1, v_misc_13, v_pattern_4,
          vaults_dpeg_emergency_exit, nicolae_vaults_two_Ls, v_misc_9,
          nicolae_vaults_little_squares_4, nicolae_vaults_apartment_2,
          nicolae_vaults_apartment_1, layout_vaults_omnicross, serial_shops,
          bzr_entry_road
Vaults:2: ontoclasm_vaults_ring_large, nicolae_vaults_holding_cells,
          v_alt_pattern_1, nicolae_vaults_stepped_doors, ontoclasm_vaults_pinch,
          vaults_mumra_lcd, vaults_dpeg_encased_lava, layout_vaults_omnigrid
Vaults:3: ontoclasm_vaults_ring_large, nicolae_vaults_tangram_1, st_cells,
          nicolae_vaults_diagonal_hallway_7, vaults_mumra_chevron,
          ontoclasm_vaults_fault, minmay_crypt_entry_simple_corners,
          nicolae_vaults_little_squares_4, hangedman_vaults_slither,
          vaults_room_pool, nicolae_vaults_oval_intersection,
          vaults_standard_mumra_x, grunt_vaults_diagonal,
          nicolae_vaults_octothorpe, nicolae_vaults_rhombus_5, v_misc_3,
          layout_vaults_omnibox
Vaults:4: vaults_room_corners, nicolae_vaults_swerve,
          nicolae_vaults_trapezoid_lopsided_2, vaults_dpeg_ring,
          nicolae_vaults_mini_display_case, nicolae_vaults_tangram_2,
          nicolae_vaults_yaktaur_gun_rack, hangedman_vaults_slice,
          nicolae_vaults_storage_closets_2, st_lattice, v_rooms_5,
          nicolae_vaults_little_squares_4, nicolae_vaults_trapezoid_3,
          nicolae_vaults_little_squares_3, layout_vaults_ring, uniq_jory,
          uniq_mennas, uniq_xtahua
Depths:1: layout_honeycomb, grunt_decor_junction, hell_entry, grunt_tough_drop
Depths:2: evilmike_diamond_2, layout_basic, enter_ziggurat_a,
          gammafunk_ghost_icy, grunt_pan_entry_in_and_out,
          grunt_hell_entry_dis_grunt
Depths:3: minmay_octagon_city, layout_gridlike, pf_hell_entry_tar_spiral,
          nicolae_abyss_entry_one_way_or_another, minmay_pinched_square,
          infiniplex_staircase_zigzag_1

Skill      XL: |  1  2  3  4  5  6  7  8  9 10 11 12 13 14 15 16 17 18 19 20 21 22 |
---------------+-------------------------------------------------------------------+-----
Ranged Weapons | 3 4 5 6 7 9 10 12 13 14 16 18 19 21 22 | 22.0
Fighting       | 2 3 4 5 7 8 9 10 11 12 13 14 15 18 19 20 21 22 | 22.0
Armour         | 1 2 4 5 6 7 8 9 |  9.0
Invocations    | 2 3 4 8 10 | 10.0
Dodging        | 2 4 7 8 9 11 12 13 14 16 18 20 | 20.0
Spellcasting   | |  1.0
Hexes          | |  2.6

Action                     |  1- 3 |  4- 6 |  7- 9 | 10-12 | 13-15 | 16-18 | 19-21 | 22-24 || total
---------------------------+-------+-------+-------+-------+-------+-------+-------+-------++-------
   Fire: Sling             |   134 |    62 |       |       |       |       |       |       ||   196
         Arbalest          |       |   147 |   286 |       |       |       |       |       ||   433
         Longbow           |       |       |    26 |   312 |   853 |       |       |       ||  1191
         Triple crossbow   |       |       |       |       |    12 |   991 |   219 |       ||  1222
         Heavy crossbow    |       |       |       |       |       |       |   453 |    68 ||   521
 Invoke: Heroism           |       |       |    16 |    20 |    25 |    40 |    24 |     4 ||   129
         Finesse           |       |       |       |     3 |    11 |     6 |    13 |     2 ||    35
    Use: Scroll            |     6 |     2 |    14 |     4 |    14 |     1 |     3 |       ||    44
         Potion            |       |       |     2 |       |     2 |     1 |     5 |       ||    10
 Armour: Robe              |     6 |       |       |       |   105 |   166 |    95 |     7 ||   379
         Ring mail         |    22 |    88 |   158 |   118 |       |       |       |       ||   386
  Dodge: Dodged            |    45 |   100 |   179 |   187 |   471 |   970 |  1088 |   104 ||  3144

Table legend:
 A = Non-vault XP
 B = Vault XP
 C = Vault XP percentage of total XP
 D = Non-vault monster count
 E = Vault monster count
 F = Vault count percentage of total count
                 A         B        C        D         E       F
            +---------+---------+-------+---------+---------+-------
      Total |  370234 |  264983 |  41.7 |     999 |     480 |  32.5
            +---------+---------+-------+---------+---------+-------
        D:1 |      39 |       0 |   0.0 |      20 |       0 |   0.0
        D:2 |      38 |       0 |   0.0 |      16 |       0 |   0.0
        D:3 |      72 |       0 |   0.0 |      21 |       0 |   0.0
        D:4 |     137 |     327 |  70.5 |      18 |       9 |  33.3
        D:5 |     490 |     506 |  50.8 |      15 |       3 |  16.7
        D:6 |     994 |       0 |   0.0 |      18 |       0 |   0.0
        D:7 |     517 |       0 |   0.0 |      20 |       0 |   0.0
        D:8 |     759 |       0 |   0.0 |      14 |       0 |   0.0
        D:9 |    2881 |     942 |  24.6 |      22 |       4 |  15.4
       D:10 |    1376 |    1294 |  48.5 |      17 |       2 |  10.5
       D:11 |    2060 |       0 |   0.0 |      15 |       0 |   0.0
       D:12 |    5822 |     230 |   3.8 |      27 |       3 |  10.0
       D:13 |    9167 |     232 |   2.5 |      29 |       5 |  14.7
       D:14 |    9505 |    5906 |  38.3 |      21 |      14 |  40.0
       D:15 |   14454 |    4435 |  23.5 |      28 |       9 |  24.3
     Lair:1 |    8276 |       0 |   0.0 |      32 |       0 |   0.0
     Lair:2 |    5901 |    2614 |  30.7 |      20 |       9 |  31.0
     Lair:3 |    7849 |    1908 |  19.6 |      26 |       3 |  10.3
     Lair:4 |    5468 |    2125 |  28.0 |      15 |       6 |  28.6
     Lair:5 |    6612 |   12634 |  65.6 |      23 |      31 |  57.4
   Shoals:1 |    9716 |       0 |   0.0 |      21 |       0 |   0.0
   Shoals:2 |   23394 |       0 |   0.0 |      47 |       0 |   0.0
   Shoals:3 |   16478 |       0 |   0.0 |      33 |       0 |   0.0
   Shoals:4 |   17528 |   25306 |  59.1 |      35 |      41 |  53.9
   Spider:1 |   17406 |    3942 |  18.5 |      54 |       6 |  10.0
   Spider:2 |   19491 |   17096 |  46.7 |      46 |      32 |  41.0
   Spider:3 |   16101 |       0 |   0.0 |      45 |       0 |   0.0
   Spider:4 |   12282 |   38808 |  76.0 |      35 |      72 |  67.3
      Orc:1 |    3344 |     469 |  12.3 |      43 |       1 |   2.3
      Orc:2 |    2788 |    7906 |  73.9 |      26 |      41 |  61.2
   Vaults:1 |   26765 |   20468 |  43.3 |      40 |      30 |  42.9
   Vaults:2 |   14611 |    5240 |  26.4 |      19 |       7 |  26.9
   Vaults:3 |   20349 |   26458 |  56.5 |      30 |      33 |  52.4
   Vaults:4 |   28218 |   34604 |  55.1 |      37 |      33 |  47.1
   Depths:1 |   33348 |       0 |   0.0 |      40 |       0 |   0.0
   Depths:2 |   15348 |   34606 |  69.3 |      18 |      35 |  66.0
   Depths:3 |   10650 |   12964 |  54.9 |      13 |      12 |  48.0
      Sewer |       0 |     589 | 100.0 |       0 |      28 | 100.0
   Gauntlet |       0 |    3374 | 100.0 |       0 |      11 | 100.0
            +---------+---------+-------+---------+---------+-------
